 Dungeon Crawl Stone Soup version 0.31-a0-233-g139696dc86 (webtiles) character file.

Game seed: 8787764297292991252

151 jt the Magician (level 5, -3/40 HPs)
             Began as a Djinni Conjurer on July 8, 2023.
             Was a Believer of Lugonu.
             Slain by a scorpion (5 damage)
             ... on level 4 of the Dungeon.
             The game lasted 00:06:11 (2291 turns).

jt the Magician (Djinni Conjurer)                   Turns: 2291, Time: 00:06:12

Health: -3/40      AC:  3    Str:  6    XL:     5   Next: 60%
Gold:   145        EV: 12    Int: 21    God:    Lugonu [**....] SH:  0 Dex: 12

rFire   + + .        s - +2 hand axe (elec)
rCold   x . .        (no shield)
rNeg    . . .        a - +0 robe
rPois   ∞            (no helmet)
rElec   .            m - +0 cloak
rCorr   .            (no gloves)
SInv    .            (boots unavailable)
Will    .....        (no amulet)
Stlth   ++           (no ring)
HPRegen 0.26/turn    (no ring)
MPRegen 0.00/turn

%: infuse magic (-4 HP)
@: flying
A: sickness immunity, fire resistance 2, cold vulnerability 1, float, innate
caster, HP casting, extra vitality 1
a: Renounce Religion, Depart the Abyss, Banish


You were on level 4 of the Dungeon.
You worshipped Lugonu.
Lugonu was pleased with you.
You visited 1 branch of the dungeon, and saw 4 of its levels.

You collected 145 gold pieces.

Inventory:

Hand Weapons
 e - a +0 whip
 g - a +0 hand axe
 n - a +0 trident
 p - a +0 sling
 r - a +0 falchion
 s - a +2 hand axe of electrocution (weapon)
Missiles
 f - a throwing net
 i - 5 poisoned darts
Armour
 a - a +0 robe (worn)
 h - an orb of guile
 m - a +0 cloak (worn)
 o - a +0 buckler
Wands
 b - a wand of flame (13)
Scrolls
 d - a scroll of fear
 j - 2 scrolls of revelation
 t - a scroll of summoning
Potions
 c - a potion of lignification {unknown}
 k - 2 potions of enlightenment {unknown}
 l - a potion of brilliance {unknown}
 q - a potion of might {unknown}


   Skills:
 + Level 2.9 Fighting
 - Level 2.1 Dodging
 - Level 2.0 Stealth
 + Level 4.1 Spellcasting
 + Level 4.1 Conjurations
 + Level 4.1 Hexes
   Level 0.0 Charms
 + Level 4.1 Summonings
 + Level 4.1 Necromancy
 + Level 4.1 Translocations
 + Level 4.1 Transmutations
 + Level 4.1 Fire Magic
 + Level 4.1 Ice Magic
 + Level 4.1 Air Magic
 + Level 4.1 Earth Magic
 + Level 4.1 Poison Magic
 + Level 1.4 Invocations


You knew the following spells:

 Your Spells              Type           Power      Damage    Failure   Level
a - Magic Dart            Conj           84%        1d7       2%          1
b - Searing Ray           Conj           42%        2d6       3%          2
c - Dazzling Flash        Conj/Hex       42%        N/A       7%          3
d - Fulminant Prism       Conj/Hex       10%        3d9       22%         4
e - Iskenderun's Mystic   Conj/Tloc      21%        2d6       22%         4
f - Freeze                Ice            84%        1d9       2%          1
g - Blink                 Tloc           42%        N/A       3%          2
Your spell library was empty.

Dungeon Overview and Level Annotations

Branches:
Dungeon (4/15)
 Temple: D:4-7

Altars:
Lugonu

Annotations:
D:3 Grinder, Sigmund


Innate Abilities, Weirdness & Mutations

You are immune to sickness and miasma.
You are immune to poison.
Your flesh is very heat resistant. (rF++)
You are vulnerable to cold. (rC-)
You float through the air rather than walking.
You learn spells naturally, not from books.
Your magical power is your life essence.
You have superior vitality. (+4 MHP)


Message History

You kill the worm!
Lugonu accepts your kill. The scorpion stings you.
You hit the scorpion.
The scorpion is heavily wounded.
The scorpion stings you. x2
You barely miss the scorpion.
The scorpion is heavily wounded.
The scorpion stings you. x2
You closely miss the scorpion.
The scorpion is heavily wounded.
The scorpion barely misses you.
You closely miss the scorpion.
The scorpion is heavily wounded.
The scorpion misses you. The scorpion stings you.
You are too injured to fight recklessly!
You are too injured to fight recklessly!
You closely miss the scorpion.
The scorpion is heavily wounded.
The scorpion stings you.
* * * LOW HITPOINT WARNING * * *
You closely miss the scorpion.
The scorpion is heavily wounded.
The scorpion closely misses you. The scorpion stings you.
* * * LOW HITPOINT WARNING * * *
You hit the scorpion.
The scorpion is severely wounded.
The scorpion stings you.
* * * LOW HITPOINT WARNING * * *
You hit the scorpion.
The scorpion is almost dead.
The scorpion stings you.
* * * LOW HITPOINT WARNING * * *
The scorpion stings you but does no damage.
You hit the scorpion but do no damage.
The scorpion is almost dead.
The scorpion stings you.
* * * LOW HITPOINT WARNING * * *
The scorpion stings you.
You die...

#...###.)......
##...##....... ##
##...##........
...###....##........
.........##.........
........##.........#
....#...#........#
... ##..........# ..
##.....@.###
#....)s##
##...........
#...........
#.#.........
#..#.........
#.###......). ..
#........ #.
##.......


You could see a scorpion.

Vanquished Creatures
  An iguana (D:4)
  6 adders
  2 worms
  8 orcs
  2 bats
  5 endoplasms
  2 giant cockroaches
  9 goblins
  2 hobgoblins
  4 quokkas
  5 ball pythons
  2 frilled lizards
  6 kobolds
  3 rats
57 creatures vanquished.

Notes
Turn   | Place    | Note
-------+----------+-------------------------------------------
     0 | D:1      | jt the Djinni Conjurer began the quest for the Orb.
     0 | D:1      | jt set off with the following spells memorised: Magic Dart,
                  | Searing Ray, Dazzling Flash, Fulminant Prism, Iskenderun's
                  | Mystic Blast.
     0 | D:1      | Reached XP level 1. HP: 15/15 MP: 0/0
   260 | D:1      | Reached XP level 2. HP: 20/22 MP: 0/0
   384 | D:1      | Found a faded altar of an unknown god.
   388 | D:1      | Prayed at the altar of an unknown god.
   388 | D:1      | Became a worshipper of Lugonu the Unformed
   388 | D:1      | Reached * piety under Lugonu
   622 | D:2      | Reached skill level 1 in Fighting
   622 | D:2      | Reached XP level 3. HP: 12/27 MP: 0/0
   622 | D:2      | Learned a level 1 spell: Freeze
  1205 | D:2      | Reached XP level 4. HP: 31/33 MP: 0/0
  1710 | D:3      | Reached ** piety under Lugonu
  1777 | D:3      | Noticed Sigmund
  1843 | D:3      | Noticed Grinder
  2001 | D:4      | Noticed an ice beast
  2166 | D:4      | Reached XP level 5. HP: 36/39 MP: 0/0
  2166 | D:4      | Learned a level 2 spell: Blink
  2186 | D:4      | Reached skill level 1 in Invocations
  2291 | D:4      | HP: 2/40 [scorpion (4)]
  2291 | D:4      | Slain by a scorpion

Illustrated notes

Levels and vault maps discovered:
D:1:      nzn_arrival_water_spiral, layout_loops_ring,
          ebering_ecumenical_altar_box, corexii_leaking_fountain
D:2:      layout_basic
D:3:      layout_loops_cross, serial_shops, nicolae_shop_crystal,
          grunt_decor_resistance, uniq_sigmund, uniq_ijyb, uniq_grinder
D:4:      layout_cave_pods, nemelex_spade_bored_becter,
          overflow_temple_1_default, minmay_hedge_maze, nicolae_take_the_stairs,
          minivault_11, serial_bayou_crossing

Skill      XL: |  1  2  3  4  5 |
---------------+----------------+-----
Stealth        | 2 |  2.0
Fighting       | 1 2 |  2.9
Spellcasting   | 4 |  4.1
Conjurations   | 4 |  4.1
Hexes          | 4 |  4.1
Summonings     | 4 |  4.1
Necromancy     | 4 |  4.1
Translocations | 4 |  4.1
Transmutations | 4 |  4.1
Fire Magic     | 4 |  4.1
Ice Magic      | 4 |  4.1
Air Magic      | 4 |  4.1
Earth Magic    | 4 |  4.1
Poison Magic   | 4 |  4.1
Invocations    | 1 |  1.4
Dodging        | |  2.1

Action                     |  1- 3 |  4- 6 || total
---------------------------+-------+-------++-------
  Melee: Hand axe          |    13 |    60 ||    73
         Punch             |       |     1 ||     1
   Cast: Magic Dart        |    51 |    39 ||    90
         Searing Ray       |       |     2 ||     2
    Use: Scroll            |       |     7 ||     7
   Stab: Sleeping          |       |     2 ||     2
 Armour: Robe              |     5 |    10 ||    15
  Dodge: Dodged            |    12 |    39 ||    51

Table legend: (Time is in decaauts)
 A = Elapsed time spent in this place.
 B = Non-inter-level travel time spent in this place.
 C = Inter-level travel time spent in this place.
 D = Time resting spent in this place.
 E = Time spent auto-exploring this place.
 F = Levels seen in this place.
 G = Mean time per level.
                   A        B        C        D        E       F      G
               +--------+--------+--------+--------+--------+-----+--------+
         Total |   2310 |   2243 |     67 |    210 |   1328 |   4 |  577.5 |
       Dungeon |   2310 |   2243 |     67 |    210 |   1328 |   4 |  577.5 |
               +--------+--------+--------+--------+--------+-----+--------+

Top non-repeatable levels by time:
     D:2: 882 daAuts
     D:3: 578 daAuts
     D:1: 557 daAuts
     D:4: 292 daAuts
